 Dungeon Crawl Stone Soup version 0.17.0-23-g0de4337 (webtiles) character file.

466 MTVSty1e the Covered (level 7, 0/44 HPs)
             Began as a Gargoyle Fighter on Nov 13, 2015.
             Was a Follower of Okawaru.
             Killed from afar by Ijyb (22 damage)
             ... with a wand of cold
             ... on level 3 of the Dungeon.
             The game lasted 00:14:09 (4043 turns).

MTVSty1e the Covered (Gargoyle Fighter)             Turns: 4043, Time: 00:14:09

Health: 0/44       AC: 13    Str: 22    XL:     7   Next: 8%
Magic:  2/2        EV:  8    Int:  8    God:    Okawaru [*.....]
Gold:   146        SH: 10    Dex:  9    Spells: 0 memorised, 6 levels left

rFire  + . .     SeeInvis .     m - +0 spear (antimagic)
rCold  x . .     Clarity  .     b - +0 scale mail
rNeg   + + .     SustAt   .     c - +0 shield
rPois  ∞         Gourm    .     (no helmet)
rElec  +         Spirit   .     (no cloak)
rCorr  .         Warding  .     h - +0 pair of gloves
rMut   .         Stasis   .     (no boots)
MR     .....                    (no amulet)
Stlth  ..........               t - ring of fire
                                f - ring of positive energy

@: not resistant to hostile enchantments, extremely unstealthy
A: negative energy resistance 1, electricity resistance, unbreathing,
petrification resistance, rot immunity, AC +4
a: Heroism, Renounce Religion


You were on level 3 of the Dungeon.
You worshipped Okawaru.
Okawaru was aware of your devotion.
You were not hungry.

You visited 1 branch of the dungeon, and saw 4 of its levels.

You collected 146 gold pieces.

Inventory:

Hand Weapons
 a - a +0 flail
 g - a +0 long sword of electrocution
 m - a +0 antimagic spear (weapon)
Missiles
 r - 7 silver tomahawks (quivered)
 w - 72 stones
Armour
 b - a +0 scale mail (worn)
 c - a +0 shield (worn)
 h - a +0 pair of gloves (worn)
Jewellery
 f - a ring of positive energy (left hand)
 t - a ring of fire (right hand)
Wands
 d - a wand of fireball (9)
Scrolls
 i - a scroll of identify
 n - a scroll of blinking
 o - 3 scrolls of remove curse {unknown}
 q - a scroll of magic mapping {unknown}
 y - a scroll of fear {unknown}
 z - a scroll of amnesia {unknown}
Potions
 e - a potion of resistance {unknown}
 j - a potion of ambrosia {unknown}
 k - a potion of degeneration {unknown}
 l - a potion of invisibility {unknown}
 p - 3 potions of mutation {unknown}
 s - a potion of haste {unknown}
 u - a potion of magic {unknown}
 x - 3 potions of curing {unknown}
Comestibles
 v - a slice of pizza


   Skills:
 + Level 4.3 Fighting
 + Level 0.1 Long Blades
 + Level 2.2 Maces & Flails
 + Level 2.0 Polearms
 + Level 5.0 Armour
 + Level 2.5 Dodging
 + Level 0.2 Stealth
 + Level 5.0 Shields


You had 6 spell levels left.
You didn't know any spells.

Dungeon Overview and Level Annotations

Branches:
Dungeon (4/15)             Temple (0/1) D:4

Altars:
Kikubaaqudgha
Okawaru

Annotations:
D:3 Ijyb


Innate Abilities, Weirdness & Mutations

You are resistant to torment.
Your stone body is resilient (AC +4).
You are immune to poison.
You resist negative energy.
You are resistant to electric shocks.
You can survive without breathing.
You are immune to petrification.
You are immune to rotting.


Message History

Found a stone staircase leading up.
Ijyb zaps a wand.
The bolt of cold hits the kobold.
The kobold dies!
The bolt of cold hits you!
You feel a terrible chill!
It is a wand of cold.
You closely miss Ijyb. Ijyb screams, "Me stronger than you!"
You block Ijyb's attack.
Ijyb zaps a wand.
The bolt of cold hits you!
You feel a terrible chill!
You completely miss Ijyb. Ijyb hits you but does no damage.
You barely miss Ijyb. You block Ijyb's attack.
Your +0 long sword of electrocution stops crackling.
You feel magic leave you.
m - a +0 antimagic spear (weapon)
Ijyb completely misses you.
You barely miss Ijyb. You block Ijyb's attack.
You closely miss Ijyb.
Ijyb zaps a wand.
The bolt of cold misses you.
You barely miss Ijyb.
Ijyb zaps a wand.
The bolt of cold hits you!
You feel a terrible chill!
Ouch! That really hurt!
You die...

#### #....# ###..#
#.... #### #.....
#..<. ....####.....
.... #.........#
#..# #..........
..# ##....##### #g#
##.#.## # #@##
#....#### #..#####
#........
##.....###.##....#
#.....##..#####..
#...†.##.## #.#
#.........#####.#
#.....#.....>....
#.....#...##.....
#....####.#.....###


You could see Ijyb.

Vanquished Creatures
  A phantom (D:4)
  Blork the orc (D:4)
  2 worker ants (D:4)
  An orc priest (D:4)
  3 orc wizards (D:4)
  A hound (D:4)
  A worker ant zombie (D:4)
  4 adders
  2 worms (D:4)
  2 giant geckos
  13 orcs
  8 giant cockroaches
  5 goblins
  5 hobgoblins
  6 jackals
  2 quokkas (D:4)
  5 bats
  A giant newt (D:4)
  3 kobolds
  A quokka skeleton (D:4)
  A rat (D:2)
68 creatures vanquished.

Vanquished Creatures (others)
  A kobold (D:3)
1 creature vanquished.

Grand Total: 69 creatures vanquished

Notes
Turn   | Place    | Note
--------------------------------------------------------------
     0 | D:1      | MTVSty1e the Gargoyle Fighter began the quest for the Orb.
     0 | D:1      | Reached XP level 1. HP: 14/14 MP: 1/1
   119 | D:1      | Reached XP level 2. HP: 17/19 MP: 2/2
   929 | D:2      | Found an iron altar of Okawaru.
  1033 | D:2      | Became a worshipper of Warmaster Okawaru
  1087 | D:2      | Reached XP level 3. HP: 14/23 MP: 1/3
  1333 | D:2      | You fall through a shaft for 2 floors!
  1426 | D:4      | Found an ancient bone altar of Kikubaaqudgha.
  1482 | D:4      | Found a staircase to the Ecumenical Temple.
  1546 | D:4      | Reached skill level 1 in Dodging
  1546 | D:4      | Reached skill level 4 in Shields
  1546 | D:4      | Reached XP level 4. HP: 19/28 MP: 1/4
  2165 | D:4      | Reached skill level 1 in Polearms
  2165 | D:4      | Reached XP level 5. HP: 26/33 MP: 1/5
  2168 | D:4      | Noticed Blork the orc
  2183 | D:4      | Killed Blork the orc
  2727 | D:4      | Reached XP level 6. HP: 32/38 MP: 2/6
  2897 | D:4      | Noticed a phantom
  3126 | D:4      | Killed a phantom
  3126 | D:4      | Reached * piety under Okawaru
  3402 | D:4      | Reached skill level 5 in Shields
  3409 | D:4      | Reached XP level 7. HP: 42/44 MP: 7/7
  3561 | D:4      | Reached skill level 5 in Armour
  4033 | D:3      | Noticed Ijyb
  4043 | D:3      | Killed from afar by Ijyb

Action                   |  1- 3 |  4- 6 |  7- 9 || total
-------------------------+-------+-------+-------++-------
Melee: Flail             |    41 |       |       ||    41
       Spear             |   100 |   263 |     3 ||   366
       Long sword        |       |    12 |    48 ||    60
  Use: Scroll            |     2 |       |       ||     2
       Potion            |       |     3 |       ||     3
  Eat: Bread ration      |     1 |     1 |     1 ||     3
